[Event "*** Titled Tuesday Blitz"]
[Site "Chess.com"]
[Date "2020.11.03"]
[Round "9"]
[White "Flawless_Fighter"]
[Black "ZverevLev"]
[Result "1-0"]
[WhiteElo "2653"]
[BlackElo "2297"]
[TimeControl "180+1"]
[EndTime "11:49:31 PST"]
[Termination "Flawless_Fighter won on time"]

1. e4 e5 2. Nf3 Nc6 3. Bb5 a6 4.
Ba4 Nf6 5. O-O Be7 6. Re1 b5 7. Bb3 d6 8. c3 O-O 9. h3 Na5 10. Bc2 c5 11. d4 cxd4 12. cxd4 Bb7 13. d5 Nc4 14. b3 Nb6 15. Bd3 Rc8 16. Bd2 h6 17. Ba5 Nfd7 18. Nbd2 f5 19. a4 bxa4 20. Nc4 fxe4 21. Bxe4 Rxc4 22. bxc4 Qc8 23. Bxb6 Nxb6 24.
Rb1 Qc7 25. Qe2 Bc8 26. Rec1 Nd7 27. Bc2 Nc5 28. Nd2 Bg5 29. Rf1 Qf7 30. Ne4 Nxe4 31. Qxe4 Qh5 32. Qg6 Qh4 33. Qxd6 Bf4 34. Qg6 Bd7 35.
c5 Bb5 36. Qe6+ Kh8 37. Qg6 Kg8 38. Qe6+ Kh8 39. Qd6 Kg8 40. Bh7+ Kxh7 41. Qxf8 Bxf1 42. Qf5+ Kg8 43. Qe6+ Kh7 44. Rxf1 Qg5 45. Qg4 Qf6 46. d6 1-0

[Event "*** Titled Tuesday Blitz"]
[Site "Chess.com"]
[Date "2020.11.03"]
[Round "9"]
[White "olksuna"]
[Black "profofchess"]
[Result "1-0"]
[WhiteElo "2629"]
[BlackElo "2393"]
[TimeControl "180+1"]
[EndTime "11:49:33 PST"]
[Termination "olksuna won on time"]

1. e4 e6 2. b3 d5 3. Bb2 Nf6 4. e5 Nfd7 5. f4 Be7 6. Qg4 O-O 7.
Nf3 c5 8. Be2 Nc6 9. O-O f5 10.
Qg3 b6 11. d3 d4 12. c3 dxc3 13. Nxc3 Bb7 14. Rfd1 a6 15. Kh1 Nd4 16. Nxd4 cxd4 17. Nb1 Nc5 18. Nd2 Bh4 19. Qh3 Bf2 20. Nc4 Bd5 21.
Nd6 Be3 22. Bf3 Bxf3 23. Qxf3 Qc7 24. Bc1 Bxc1 25. Raxc1 a5 26. Rc4 Rad8 27. Rdc1 Qb8 28. Rxd4 Qa8 29. Qxa8 Rxa8 30. Kg1 Rfd8 31. Kf2 h6 32. h4 Kf8 33. Ke3 Ke7 34. Rdc4 Rd7 35. d4 Na6 36. Nc8+ Rxc8 37. Rxc8 Nb4 38. a3 Nd5+ 39.
Kf3 Kf7 40. R8c6 Ke7 41. h5 Kf7 42. Rd6 Ke7 43. Rxd7+ Kxd7 44. g4 fxg4+ 45. Kxg4 Ke7 46. Kf3 Ke8 47. Ke4 Ne7 48. Rc7 Kd8 49. Rxe7 Kxe7 50. f5 exf5+ 51. Kxf5 Kf7 52. d5 b5 53. b4 a4 54. d6 g6+ 55. hxg6+ Kg7 56. d7 h5 57. d8=Q 1-0

[Event "*** Titled Tuesday Blitz"]
[Site "Chess.com"]
[Date "2020.11.03"]
[Round "9"]
[White "guillembaches"]
[Black "GameOverBro"]
[Result "0-1"]
[WhiteElo "2378"]
[BlackElo "2529"]
[TimeControl "180+1"]
[EndTime "11:49:33 PST"]
[Termination "GameOverBro won by resignation"]

1. e4 d6 2. d4 Nf6 3. f3 e5 4.
Ne2 c6 5. c4 Nbd7 6. Nbc3 h5 7.
Be3 a5 8. Qd2 a4 9. Nc1 Qa5 10.
Nd3 Be7 11. d5 Bd8 12. Be2 Bb6 13. Nf2 Bxe3 14. Qxe3 Nc5 15. O-O cxd5 16. exd5 Bf5 17. Nfe4 Bxe4 18. fxe4 Qb4 19. Rab1 h4 20. Kh1 Rh6 21. Rf2 Ra6 22. h3 Rb6 23. Kh2 Rg6 24. Rf3 Kf8 25. Qf2 Rh6 26. Re3 Kg8 27. Qf5 Rg6 28.
b3 axb3 29. axb3 Qa3 30. Nb5 Qa2 31. Rf1 Ncxe4 32. Bf3 Qd2 33. Bxe4 Qxe3 34. Qc8+ Kh7 35. Bxg6+ fxg6 36. Qc7 Qg3+ 37. Kh1 Rxb5 38. cxb5 Ne4 39.
Qc2 Qe3 40. Qd1 Ng3+ 41. Kh2 Nxf1+ 42. Qxf1 Qf4+ 43. Qxf4 exf4 44. Kg1 g5 45. Kf2 Kg6 46. Kf3 Kf5 47. b6 g6 48. b4 g4+ 49. hxg4+ Ke5 50.
g5 Kf5 0-1

[Event "*** Titled Tuesday Blitz"]
[Site "Chess.com"]
[Date "2020.11.03"]
[Round "9"]
[White "PIwan"]
[Black "chessdjw"]
[Result "0-1"]
[WhiteElo "2530"]
[BlackElo "2674"]
[TimeControl "180+1"]
[EndTime "11:49:34 PST"]
[Termination "chessdjw won on time"]

1. c4 e6 2. Nc3 Nf6 3. e4 d5 4.
e5 d4 5. exf6 dxc3 6. bxc3 Qxf6 7. Nf3 b6 8. d4 Bb7 9. Bd3 h6 10. Qe2 Bd6 11. Be4 Bxe4 12. Qxe4 c6 13. a4 Qd8 14. a5 bxa5 15. O-O O-O 16. Ba3 Bxa3 17. Rxa3 a6 18. Rfa1 Ra7 19. Rxa5 Rb7 20. h3 Rb3 21. Qc2 Qb6 22. c5 Qb7 23. Nd2 Rb2 24. Qd3 Rd8 25. Nc4 Rb3 26. Nd6 Qb4 27. Qf3 Qxc3 28. Qxf7+ Kh7 29.
Qxe6 Rf8 30. Qe4+ Kg8 31. R5a2 Rb4 32. Rd1 Qb3 33. Rad2 a5 34. Qe5 Nd7 35. Qe7 Nf6 36. Nf5 Qf7 37. Qe5 a4 38. Ne7+ Kh7 39. Nxc6 Rb3 40.
Qf5+ g6 41. Qf4 Nd5 42. Qxf7+ Rxf7 43. Ne5 Rf4 44. Rc2 a3 45. c6 Rb2 0-1

[Event "*** Titled Tuesday Blitz"]
[Site "Chess.com"]
[Date "2020.11.03"]
[Round "9"]
[White "Savva09022009"]
[Black "Korchmar_Vasiliy"]
[Result "1/2-1/2"]
[WhiteElo "2411"]
[BlackElo "2622"]
[TimeControl "180+1"]
[EndTime "11:49:36 PST"]
[Termination "Game drawn by repetition"]

1. d4 Nf6 2. Nc3 d5 3. Bf4 a6 4. e3 b5 5. Nf3 Bb7 6. Bd3 Nbd7 7. O-O e6 8. Qe2 c5 9. dxc5 Nxc5 10. Ne5 Be7 11. a3 Rc8 12. Nxb5 axb5 13. Bxb5+ Ncd7 14. a4 O-O 15. a5 Nxe5 16. Bxe5 Ne4 17. a6 Ba8 18. c4 Nd6 19. cxd5 Bxd5 20. Bd3 Bf6 21. Bxf6 Qxf6 22. b4 Qd8 23. e4 Ba8 24. e5 Nf5 25. Bxf5 exf5 26. b5 Qb6 27. Rfb1 h6 28. Qe3 Rc5 29.
Ra3 Rb8 30. h3 Rxb5 31. Rxb5 Qxb5 32. e6 fxe6 33. Qxe6+ Kh8 34. a7 Re8 35. Rb3 Rxe6 36. Rxb5 Bc6 37. Rb8+ Kh7 38. a8=Q Bxa8 39. Rxa8 Re1+ 40.
Kh2 Re2 41. f3 f4 42. Ra7 Kg6 43. Ra6+ Kf5 44. Ra5+ Kf6 45. Ra7 g6 46. Ra6+ Kg5 47. Ra5+ Kf6 48. Ra6+ Kg5 49. Ra5+ Kf6 50. Ra6+ 1/2-1/2

[Event "*** Titled Tuesday Blitz"]
[Site "Chess.com"]
[Date "2020.11.03"]
[Round "9"]
[White "davidkalashian"]
[Black "TigrVShlyape"]
[Result "0-1"]
[WhiteElo "2604"]
[BlackElo "2876"]
[TimeControl "180+1"]
[EndTime "11:49:37 PST"]
[Termination "TigrVShlyape won on time"]

1. d4 d5 2. Nf3 c6 3. c4 Nf6 4.
Qc2 g6 5. g3 Bg7 6. Bg2 O-O 7. O-O Bf5 8. Qb3 Qb6 9. Nc3 Rd8 10. Bf4 dxc4 11. Qxc4 Nd5 12. Ne5 Be6 13. Nxd5 Bxd5 14. Bxd5 cxd5 15. Qc3 Nc6 16. Nxc6 bxc6 17. Rfd1 Rdc8 18. Rac1 Qa6 19. Qb4 e6 20. e3 Qxa2 21. Qb7 Qa4 22. Bc7 Qb5 23. Qxc6 Qxb2 24. Rb1 Qa3 25.
Rb7 Qe7 26. Rc1 a5 27. Qa4 Qe8 28. Qxe8+ Rxe8 29. Bd6 Bf8 30. Bxf8 Rxf8 31. Ra1 Rfc8 32. Ra3 Rc2 33. h4 h5 34. Kg2 Rc4 35. Rb5 a4 36.
Rb7 Kg7 37. Kf3 Kf6 38. Kf4 Rc2 39. f3 Rc4 40. Rb6 Rg8 41. g4 hxg4 42. fxg4 g5+ 43. hxg5+ Rxg5 44. Ra6 Rc1 45. R3xa4 Rg1 46. Ra7 R5xg4+ 47. Kf3 R4g3+ 48. Kf2 R1g2+ 49. Kf1 Rb2 50. Ra3 Rh3 51.
Kg1 Rhh2 52. Rc3 Rhe2 0-1

[Event "*** Titled Tuesday Blitz"]
[Site "Chess.com"]
[Date "2020.11.03"]
[Round "9"]
[White "Oglob71"]
[Black "Nara_Kh"]
[Result "1-0"]
[WhiteElo "2478"]
[BlackElo "2352"]
[TimeControl "180+1"]
[EndTime "11:49:37 PST"]
[Termination "Oglob71 won by resignation"]

1. d4 d5 2. Nf3 Nf6 3. c4 c6 4. e3 Bf5 5. Nc3 a6 6. Qb3 Ra7 7. a4 e6 8. Nh4 Bg4 9. h3 Bh5 10. g4 Bg6 11. Nxg6 hxg6 12. Bg2 Nbd7 13. Bd2 Bd6 14. g5 Nh5 15. h4 dxc4 16. Qxc4 e5 17.
O-O-O O-O 18. Ne4 Be7 19. Bc3 b5 20. Qxc6 Rc7 21. Qd5 b4 22. dxe5 bxc3 23. Nxc3 Nc5 24. Qxd8 Rxd8 25. Rxd8+ Bxd8 26. Rd1 Be7 27. Nd5 Ra7 28. a5 Nb3+ 29. Kc2 Nxa5 30. Nxe7+ Rxe7 31. Rd8+ Kh7 32. f4 Ng3 33. Kd3 Nf5 34. Ra8 Nb3 35.
Bd5 Nc5+ 36. Kc4 Ne6 37. Bxe6 Rxe6 38. e4 Nxh4 39. Kd5 Ng2 40. f5 Nf4+ 41. Kd4 Re7 42. Rxa6 Rd7+ 43. Ke3 Nh3 44. e6 fxe6 45. fxe6 Re7 46.
Kd4 Nxg5 47. Ke5 Kh6 48. b4 Kh5 49. b5 Kg4 50. Rc6 Kf3 51. b6 Nxe4 52. Rc7 Re8 53. b7 Ng5 54. e7 Nf7+ 55. Ke6 Ng5+ 56. Kd7 Rb8 57. e8=Q Rxe8 58. Kxe8 Ne4 59. b8=Q g5 60. Rf7+ Nf6+ 61. Kf8 g4 62. Kxg7 1-0

[Event "*** Titled Tuesday Blitz"]
[Site "Chess.com"]
[Date "2020.11.03"]
[Round "9"]
[White "Fins0905"]
[Black "FontVella8"]
[Result "0-1"]
[WhiteElo "2599"]
[BlackElo "2498"]
[TimeControl "180+1"]
[EndTime "11:49:40 PST"]
[Termination "FontVella8 won on time"]

1. c4 e5 2. g3 d6 3. Bg2 Nc6 4.
Nc3 Be6 5. Nd5 Qd7 6. d3 Nge7 7. e3 Nd8 8. Ne2 c6 9. Nxe7 Bxe7 10.
h4 O-O 11. b3 d5 12. cxd5 cxd5 13. d4 f6 14. O-O Nc6 15. Bb2 Rad8 16. Rc1 Bh3 17. Qd2 Bxg2 18. Kxg2 Qe6 19. Nc3 Rd7 20. Na4 Rfd8 21. Nc5 Bxc5 22. Rxc5 e4 23. Ba3 g5 24. Rh1 Rg7 25. Qe2 Qf5 26. hxg5 fxg5 27. Rh5 Rf7 28. Kg1 Rd6 29. Rc2 Rdf6 30. Qf1 Qg4 31.
Qe2 Rf3 32. Rh2 h5 33. Bd6 h4 34.
Kh1 Rh7 35. gxh4 Rxh4 36. Rc1 Rxh2+ 37. Bxh2 Qh4 38. Rg1 Kf7 39. Rg2 Ne7 40. Kg1 Rh3 41.
Qb5 Qh5 42. Qf1 Qf3 43. Qe1 Kg6 44. Qf1 Nf5 45. Rg3 Nxg3 46. fxg3 Qxe3+ 47. Kg2 Rh7 48.
Qf8 Qf3+ 0-1

[Event "*** Titled Tuesday Blitz"]
[Site "Chess.com"]
[Date "2020.11.03"]
[Round "9"]
[White "JiiHart"]
[Black "Ausbildung"]
[Result "0-1"]
[WhiteElo "2081"]
[BlackElo "2212"]
[TimeControl "180+1"]
[EndTime "11:49:40 PST"]
[Termination "Ausbildung won on time"]

1. e4 e5 2. Nf3 Nc6 3. d4 exd4 4.
Nxd4 Nxd4 5. Qxd4 Qf6 6. e5 Qb6 7. Qxb6 axb6 8. Nc3 Ra5 9. f4 d6 10. exd6 Bxd6 11. Bd3 Nf6 12. O-O O-O 13. Bd2 Ra8 14. a3 Bd7 15. Ne4 Nxe4 16. Bxe4 Bc6 17. Bxc6 bxc6 18. Rae1 f6 19. g3 Kf7 20. Re2 Rfe8 21. Rfe1 Rxe2 22. Rxe2 h5 23. Kg2 b5 24. Kf3 Ra4 25. Re4 Rxe4 26. Kxe4 Ke6 27. f5+ Kd7 28.
b4 Be5 29. c3 h4 30. Be1 h3 31. Kf3 Kd6 32. Kg4 Kd5 33. Kxh3 Kc4 34. Kg4 Bxc3 35.
Bxc3 Kxc3 36. Kh5 Kb3 37. Kg6 Kxa3 38. Kxg7 c5 39. g4 c4 40. g5 fxg5 41. f6 c3 42. f7 c2 43. f8=Q c1=Q 44. Qe7 Qf4 45. Kg6 Qd6+ 46.
Qxd6 cxd6 47. Kxg5 d5 48. h4 d4 49. Kf4 Kb3 50.
h5 d3 51. h6 d2 52. h7 d1=Q 53. h8=Q Qc1+ 54. Ke4 Qc4+ 55. Kf5 Kxb4 56. Qb8 Kb3 57. Qg3+ Qc3 58. Qg8+ Kb2 59. Kf4 b4 60. Qg2+ Qc2 61.
Qg7+ Kb1 62. Qb7 b3 63. Ke5 b2 64. Qh1+ Qc1 65. Qe4+ Qc2 66. Qh1+ Ka2 67. Qa8+ Kb3 68. Qb7+ Kc3 69. Qc6+ Kd2 0-1

[Event "*** Titled Tuesday Blitz"]
[Site "Chess.com"]
[Date "2020.11.03"]
[Round "9"]
[White "oogee"]
[Black "Azoulas1"]
[Result "1-0"]
[WhiteElo "2203"]
[BlackElo "2044"]
[TimeControl "180+1"]
[EndTime "11:49:40 PST"]
[Termination "oogee won on time"]

1. d4 Nf6 2. c4 g6 3. Nc3 Bg7 4.
e4 O-O 5. Nf3 d6 6. Be2 Nbd7 7. O-O e5 8. Rb1 a5 9. a3 c6 10. b4 axb4 11. axb4 Re8 12. b5 exd4 13. Qxd4 Nxe4 14. Qxe4 Rxe4 15. Nxe4 c5 16. Nxd6 Nf6 17. Bf4 Ra2 18. Rfe1 b6 19. Bd1 Be6 20. Bb3 Ra3 21. h3 Nh5 22. Bh2 Qf8 23. Red1 Ra7 24. Ne4 Bf5 25. Re1 Re7 26. Bc2 Re6 27. Rbc1 Nf6 28.
Nxf6+ Bxf6 29. Bxf5 gxf5 30. Red1 Be7 31. Rd5 Rf6 32. Be5 Rg6 33. Bc3 f4 34. Rf5 Bd6 35. Ne5 Qc8 36. Rxf4 Qxh3 37. Nxg6 Qe6 38. Rf6 Qg4 39.
Ne5 Bxe5 40. Bxe5 Qg5 41. f4 Qg3 42. Rd1 Qe3+ 43. Kh1 Qf2 44. Rf5 Qh4+ 45. Kg1 1-0

[Event "*** Titled Tuesday Blitz"]
[Site "Chess.com"]
[Date "2020.11.03"]
[Round "9"]
[White "SanchezKelvin"]
[Black "PotapovaM"]
[Result "1-0"]
[WhiteElo "2439"]
[BlackElo "2580"]
[TimeControl "180+1"]
[EndTime "11:49:41 PST"]
[Termination "SanchezKelvin won on time"]

1. d4 Nf6 2. c4 e6 3. Nf3 d5 4. Nc3 dxc4 5. e3 a6 6. a4 c5 7. Bxc4 Nc6 8. O-O Be7 9. dxc5 O-O 10. Nd4 Ne5 11. Be2 Bxc5 12. Nb3 Be7 13. e4 Qc7 14. Bf4 Nf3+ 15. Bxf3 Qxf4 16. g3 Qg5 17. h4 Qh6 18. e5 Nd7 19. Qe2 f6 20. exf6 Bxf6 21. Qxe6+ Kh8 22.
Bg2 Ne5 23. Qb6 Bg4 24. f3 Bf5 25. Nd5 Qg6 26. Nxf6 Rxf6 27. Qxb7 Raf8 28. g4 Bd3 29. h5 Qg5 30. Rfe1 h6 31. Nd4 Bh7 32. Qd5 Nd3 33. Qxg5 hxg5 34. Re6 Nxb2 35. Rxf6 gxf6 36. Rc1 Nxa4 37.
Rc7 Bd3 38. Ne6 Rb8 39. h6 Bc4 40. Ng7 Bg8 41. Nh5 Rb6 42. Bf1 Nb2 43. Be2 a5 44. Rc8 a4 45. Ra8 Rb4 46. Nxf6 1-0

[Event "*** Titled Tuesday Blitz"]
[Site "Chess.com"]
[Date "2020.11.03"]
[Round "9"]
[White "tylityli"]
[Black "Dinamo3"]
[Result "0-1"]
[WhiteElo "2280"]
[BlackElo "2418"]
[TimeControl "180+1"]
[EndTime "11:49:41 PST"]
[Termination "Dinamo3 won on time"]

1. d4 Nf6 2. c4 g6 3. Nc3 Bg7 4.
e4 O-O 5. Nge2 d6 6. Ng3 c6 7.
Be2 e5 8. d5 h5 9. Bg5 Qc7 10.
Qd2 Nh7 11. Bh6 h4 12. Bxg7 Kxg7 13. Nf1 f5 14. Ne3 f4 15. Ng4 Na6 16. a3 Nc5 17. Qc2 a5 18. h3 a4 19. O-O Ng5 20. f3 Bxg4 21. hxg4 h3 22. Kf2 h2 23. Rh1 Rh8 24. Ke1 Rh7 25. Bf1 Qb6 26. Rb1 Nb3 27. Qf2 Nd4 28.
Bd3 Qb3 29. Rd1 b5 30. cxb5 cxb5 31. Ne2 Nc2+ 32. Bxc2 Qxc2 33. Nc3 Qb3 34. Qe2 b4 35. axb4 Qxb4 36. Qb5 Qxb5 37. Nxb5 Ra6 38. Rc1 Kf6 39. Kf2 Nf7 40. Rc6 Ra5 41. Nxd6 Nxd6 42. Rxd6+ Ke7 43. Rb6 Rh8 44. Rb7+ Kd6 45. g3 Rc5 46.
gxf4 exf4 47. Rb6+ Ke7 0-1

[Event "*** Titled Tuesday Blitz"]
[Site "Chess.com"]
[Date "2020.11.03"]
[Round "9"]
[White "CarlssonLudvig"]
[Black "Sergienko_Sergey"]
[Result "1-0"]
[WhiteElo "2426"]
[BlackElo "2314"]
[TimeControl "180+1"]
[EndTime "11:49:41 PST"]
[Termination "CarlssonLudvig won on time"]

1. e4 c5 2. Nc3 Nc6 3. Bb5 Nd4 4. Bc4 e6 5. Nge2 a6 6. a3 Nxe2 7. Qxe2 Ne7 8. O-O b5 9. Ba2 Bb7 10. d3 g6 11. Bg5 Bg7 12. e5 Qc7 13. Rfe1 Nf5 14.
Bf6 Bxf6 15. exf6 Nd4 16. Qd2 O-O-O 17. Ne2 Qc6 18. f3 e5 19. Nxd4 exd4 20. Qf4 d5 21. Re7 Rd7 22. Rae1 Rhd8 23. g4 Qc7 24. Qxc7+ Kxc7 25. g5 Kd6 26. Kf2 Rxe7 27. Rxe7 Rd7 28. Rxd7+ Kxd7 29. b4 Kd6 30. bxc5+ Kxc5 31. Kg3 Bc8 32.
Kf4 Kd6 33. h4 a5 34. Bb3 Bd7 35. Kg3 Bf5 36. f4 Be6 37. h5 Bd7 38. Kf3 Be6 39. Kg3 Bd7 40. Ba2 Be6 41. h6 Bd7 42. Bb1 Be6 43. Kf3 Bd7 44. Ba2 1-0

[Event "*** Titled Tuesday Blitz"]
[Site "Chess.com"]
[Date "2020.11.03"]
[Round "9"]
[White "Susal_De_Silva"]
[Black "ftorodent"]
[Result "0-1"]
[WhiteElo "2522"]
[BlackElo "2672"]
[TimeControl "180+1"]
[EndTime "11:49:42 PST"]
[Termination "ftorodent won by resignation"]

1. e4 c5 2. Nf3 e6 3. d4 cxd4 4. Nxd4 a6 5. Be2 Nf6 6. Nc3 d6 7. O-O Be7 8. a4 O-O 9. Be3 Nc6 10. f4 Qc7 11. Kh1 Bd7 12. Qe1 Nxd4 13. Bxd4 Bc6 14.
Qg3 g6 15. Bf3 Rfe8 16. f5 e5 17. Be3 b5 18. Bg5 b4 19. Nd5 Bxd5 20. exd5 e4 21. Be2 Nxd5 22. fxg6 hxg6 23. Rad1 Bxg5 24. Qxg5 Re5 25.
Qg3 Qxc2 26. Bg4 e3 27. Rc1 e2 28. Rfe1 Qxb2 29. Bf3 Rae8 30. Rc4 Qd2 31. Rh4 Rg5 32. Qf2 Nc3 33. Rd4 Qe3 34. Qxe3 Rxe3 35.
Rxd6 Ra5 36. Rd8+ Kg7 37. Rd2 Rxa4 38. Rb2 a5 39. Kg1 Ra2 40. Rb3 Rd2 41. Kf2 Re6 42.
Bg4 Re5 43. Kg3 Rd3+ 44. Bf3 Rd4 45. Kf2 a4 46. Rxb4 Rxb4 0-1

[Event "*** Titled Tuesday Blitz"]
[Site "Chess.com"]
[Date "2020.11.03"]
[Round "9"]
[White "JoliyRoger"]
[Black "arminmusovic"]
[Result "0-1"]
[WhiteElo "2366"]
[BlackElo "2553"]
[TimeControl "180+1"]
[EndTime "11:49:42 PST"]
[Termination "arminmusovic won by resignation"]

1. Nf3 a6 2. d4 e6 3. e4 d5 4. Nbd2 c5 5. exd5 exd5 6. dxc5 Nc6 7. Bd3 Bxc5 8. O-O Nf6 9. Nb3 Be7 10. h3 h6 11. Bf4 O-O 12. Ne5 Nb4 13. Nd4 Nxd3 14.
Qxd3 Qb6 15. Rab1 Rd8 16. Rfe1 Bc5 17. Be3 Qc7 18. Nef3 Bd7 19. c3 Rac8 20. Rbd1 Bd6 21. Nf5 Bf8 22. Bd4 Ne4 23. Ne3 Bb5 24. Qb1 Bc6 25.
Ne5 Ba4 26. Rc1 Be8 27. Qd3 f6 28. Nf3 Nc5 29. Bxc5 Qxc5 30. Nd4 Bf7 31. Nef5 Re8 32. Qg3 Kh8 33. Qf3 Qc4 34. a3 Qc7 35. Qg4 Qd7 36.
Qf3 Rxe1+ 37. Rxe1 Re8 38. Rd1 Re5 39. Ne3 Bc5 40. Ndc2 Ba7 41. Nd4 Bb8 42. Rd2 Qc7 43. g3 Qd7 44. Kg2 Bg6 45. Kh2 Be4 46. Qg4 f5 47. Qh4 Qe8 48. Ne2 Kh7 49. Nf4 g5 50.
Qh5 gxf4 51. Qxe8 Rxe8 52. gxf4 Bxf4+ 53. Kg1 Rg8+ 54. Kf1 Bxe3 0-1

[Event "*** Titled Tuesday Blitz"]
[Site "Chess.com"]
[Date "2020.11.03"]
[Round "9"]
[White "MomchilPetkov"]
[Black "TST2014"]
[Result "1-0"]
[WhiteElo "2662"]
[BlackElo "2510"]
[TimeControl "180+1"]
[EndTime "11:49:44 PST"]
[Termination "MomchilPetkov won by checkmate"]

1. d4 Nf6 2. Bf4 d6 3. Nc3 Nbd7 4. Nf3 Nh5 5. Bc1 e5 6. e4 exd4 7. Nxd4 g6 8. g3 Bg7 9. Bg2 O-O 10. O-O Nc5 11.
Re1 Re8 12. Nb3 Nxb3 13. axb3 c6 14. Bf3 Nf6 15. Bf4 Re6 16. Qd2 Nh5 17. Bg5 Bf6 18. Be3 Qe7 19. Rxa7 Rxa7 20. Bxa7 d5 21. Re2 Bxc3 22.
Qxc3 dxe4 23. Bxh5 gxh5 24. Bc5 Qg5 25. Rd2 Re8 26. Be3 Qg4 27. Rd6 Qf3 28. Bh6 f6 29. Qxf6 Qxf6 30. Rxf6 Rd8 31. Kg2 Bg4 32. h3 Bf3+ 33. Kh2 Re8 34. b4 Rd8 35. c3 Kh8 36. Rf4 Kg8 37. g4 hxg4 38. hxg4 Re8 39. Kg3 Bd1 40.
Rf6 Bb3 41. Kf4 Bf7 42. Rd6 Ra8 43. Kxe4 Bd5+ 44. Kf4 Kf7 45. Kg5 b5 46. Rd7+ Ke6 47.
Rxh7 Ra2 48. f4 Rxb2 49. f5+ Kd6 50. Bf8+ Ke5 51. Bg7+ Kd6 52. Bd4 Bc4 53. Kf4 Rb1 54. Bc5+ Kd5 55. Rd7# 1-0

[Event "*** Titled Tuesday Blitz"]
[Site "Chess.com"]
[Date "2020.11.03"]
[Round "9"]
[White "juancruzarias"]
[Black "davigator"]
[Result "1/2-1/2"]
[WhiteElo "2546"]
[BlackElo "2394"]
[TimeControl "180+1"]
[EndTime "11:49:44 PST"]
[Termination "Game drawn by agreement"]

1. e4 c5 2. Nc3 Nc6 3. g3 g6 4. Bg2 Bg7 5. d3 d6 6. f4 e6 7. Nf3 Nge7 8. O-O O-O 9. Bd2 Bd7 10. Rb1 Rb8 11. a3 a6 12. h3 Qc7 13. g4 f5 14. Ne2 Rbe8 15. Ng3 b5 16. c3 a5 17. Kh1 b4 18. axb4 axb4 19. gxf5 gxf5 20. Nh5 Rf7 21.
cxb4 Nxb4 22. Nxg7 Rxg7 23. Bc3 Rg6 24. Nh4 Rh6 25.
Nf3 Ng6 26. Qd2 Nc6 27. Rg1 Bc8 28. Rbe1 Rf8 29. Ng5 Nd4 30. Ref1 Qe7 31. b4 Bd7 32. bxc5 dxc5 33. Qe3 Qd6 34. e5 Qb6 35. Rb1 Qa7 36. Rb7 Qa4 37. Ra1 Qc2 38. Qd2 Qxd2 39.
Bxd2 Bc8 40. Rc7 Nb3 41. Ra2 Nxd2 42. Rxd2 Rh4 43. Rb2 h6 44. Nf3 Rxf4 45. Rb8 Ba6 46. Rb6 Bc8 47. Rbc6 Rxf3 48. Bxf3 Nxe5 49. Rxc8 Nxc6 50.
Rxf8+ Kxf8 51. Bxc6 Ke7 52. Kg2 Kd6 53. Bb7 Ke5 54. Kf3 Kd4 55. Ba6 e5 56. Ke2 e4 57. h4 exd3+ 58. Bxd3 f4 59. Ba6 c4 60. Bxc4 Kxc4 61. Kf3 Kd5 62. Kxf4 Ke6 63. Kg4 Kf6 64.
Kh5 Kg7 65. Kg4 1/2-1/2

[Event "*** Titled Tuesday Blitz"]
[Site "Chess.com"]
[Date "2020.11.03"]
[Round "9"]
[White "barriochess"]
[Black "VladaSviridova"]
[Result "1-0"]
[WhiteElo "2370"]
[BlackElo "2274"]
[TimeControl "180+1"]
[EndTime "11:49:44 PST"]
[Termination "barriochess won on time"]

1. d4 d5 2. c4 c6 3. Nf3 Nf6 4. Nc3 dxc4 5. a4 Bf5 6. Ne5 Nbd7 7. Nxc4 Qc7 8. g3 e5 9. dxe5 Nxe5 10. Bf4 Nfd7 11.
Nxe5 Nxe5 12. Bg2 Be7 13. O-O O-O 14. Qc1 f6 15. Nd5 Qd6 16. Nxe7+ Qxe7 17. Qe3 Rfe8 18. h4 Nc4 19. Qc3 Qxe2 20. b3 Ne5 21. Rfe1 Qc2 22.
Rec1 Qxc3 23. Rxc3 Nd3 24. Be3 a5 25. Rd1 Nb4 26. Bc5 Rad8 27. Rxd8 Rxd8 28. Bb6 Rd1+ 29. Kh2 Nd3 30. Bf3 Rf1 31. Kg2 Rb1 32. Kh2 Rb2 33.
g4 Nxf2 34. Bxf2 Rxf2+ 35. Kg3 Rd2 36. gxf5 g6 37. fxg6 hxg6 38. h5 Kg7 39. hxg6 Kxg6 40. Kf4 Rd4+ 41. Ke3 Rh4 42. Rc5 Rb4 43. Bd1 f5 44.
Bc2 Kf6 45. Rxf5+ Ke6 46. Rxa5 b6 47. Rh5 Kd6 48. Kd3 c5 49. Kc3 1-0

[Event "*** Titled Tuesday Blitz"]
[Site "Chess.com"]
[Date "2020.11.03"]
[Round "9"]
[White "ARTHURMOTIVATOR"]
[Black "GAusal"]
[Result "0-1"]
[WhiteElo "2349"]
[BlackElo "2099"]
[TimeControl "180+1"]
[EndTime "11:49:44 PST"]
[Termination "GAusal won by checkmate"]

1. e4 e5 2. Nc3 f5 3. Bc4 Nf6 4.
d3 Bb4 5. Ne2 f4 6. Bd2 d6 7.
Nd5 Bxd2+ 8. Qxd2 Nxd5 9. Bxd5 Nc6 10. d4 Bd7 11. dxe5 dxe5 12. O-O-O Qe7 13. g3 fxg3 14. hxg3 O-O-O 15. Qe3 Kb8 16. Rd3 h6 17. Rhd1 Nb4 18.
Ra3 b6 19. Nc3 Qc5 20. Qxc5 bxc5 21. Ra5 Nxd5 22. exd5 Rhf8 23. Rd2 g5 24. Rxc5 h5 25. Rc4 Rh8 26. d6 c6 27. Ne4 h4 28. Rb4+ Ka8 29. Nc5 a5 30. Rb6 Bf5 31. Rxc6 h3 32. Ra6+ Kb8 33. Rd1 h2 34. Rh1 Rdf8 35. Rxa5 Bg4 36.
Rb5+ Ka7 37. Rb3 Rxf2 38. Nd3 Rg2 39. Nxe5 Rg1+ 40. Kd2 Rxh1 41. Nc6+ Ka8 42. Ra3+ Kb7 43. Na5+ Kc8 44. Rc3+ Kd7 45. Nb7 Rd1+ 46. Ke3 h1=Q 47.
Rc7+ Ke6 48. Re7+ Kf6 49. Nc5 Qf3# 0-1

[Event "*** Titled Tuesday Blitz"]
[Site "Chess.com"]
[Date "2020.11.03"]
[Round "9"]
[White "MPGM"]
[Black "Morshynska"]
[Result "1-0"]
[WhiteElo "2456"]
[BlackElo "2260"]
[TimeControl "180+1"]
[EndTime "11:49:45 PST"]
[Termination "MPGM won on time"]

1. d4 d5 2. c4 c6 3. Nf3 Nf6 4. g3 e6 5. Bg2 Nbd7 6. O-O Bd6 7. Nbd2 O-O 8. Qc2 Qe7 9. e4 dxe4 10. Nxe4 Nxe4 11.
Qxe4 Nf6 12. Qe2 c5 13. Rd1 a6 14. d5 exd5 15. Qxe7 Bxe7 16. cxd5 Rd8 17. Ne5 Be6 18. Bg5 Nxd5 19. Bxd5 Bxg5 20. Bxb7 Rxd1+ 21. Rxd1 Rb8 22. Bxa6 Bxa2 23. Bc4 Bxc4 24. Nxc4 Bf6 25. Rd3 g6 26. b3 Bd4 27. Kg2 Kg7 28. f4 h5 29. Kf3 Kf6 30.
h3 Ra8 31. g4 hxg4+ 32. hxg4 Ra1 33. Ke4 Re1+ 34. Kd5 Rf1 35. g5+ Kf5 36. Nd6+ Kxf4 37. Nxf7 Kg4 38. Ke6 Re1+ 39. Kd6 Rf1 40. Ke7 Re1+ 41.
Kf8 Rf1 42. Kg8 Kf5 43. b4 Ke4 44. Rb3 c4 45. Rh3 c3 46. Rh2 Rd1 47. b5 Rd2 48. Rh4+ Kd3 49. Rh3+ Kc4 50. Nd6+ Kc5 51. Ne4+ 1-0

[Event "*** Titled Tuesday Blitz"]
[Site "Chess.com"]
[Date "2020.11.03"]
[Round "9"]
[White "ChessWarrior7197"]
[Black "Onischuk_V"]
[Result "0-1"]
[WhiteElo "3004"]
[BlackElo "2886"]
[TimeControl "180+1"]
[EndTime "11:49:46 PST"]
[Termination "Onischuk_V won by resignation"]

1. e4 d6 2. d4 Nf6 3. Nc3 g6 4. f4 Bg7 5. Nf3 O-O 6. e5 dxe5 7. fxe5 Nd5 8. Bc4 Nxc3 9. bxc3 c5 10. O-O Bg4 11. h3 Bxf3 12. Qxf3 Nc6 13. Rd1 Rc8 14. Bb2 Qb6 15. Bb3 c4 16. Kh1 cxb3 17. axb3 e6 18.
Ba3 Rfd8 19. Bd6 Rd7 20. b4 a6 21. c4 Nxd4 22. Qf2 Rxc4 23. Bc5 Rxc5 24. bxc5 Qxc5 25. c3 Qxc3 26. Rac1 Qb4 27. Rc8+ Bf8 28. Qf6 a5 29. Ra8 a4 30. Rf1 Nf5 31. Rc1 h5 32. Qg5 Kh7 33. Rf1 Bh6 34. Qf6 Bg7 35. Qg5 Bxe5 36. Rc1 Ng3+ 37. Kg1 Ne2+ 38. Kh1 Qf4 39. Qxf4 Bxf4 40.
Re1 Ng3+ 41. Kg1 b5 42. Ra6 h4 43. Kf2 Rd2+ 44. Kf3 g5 45. Rc1 Kg6 46. Rc5 Rd3+ 47.
Kg4 f5+ 48. Rxf5 Nxf5 49. Rxe6+ Kf7 50. Kxf5 Rd5+ 0-1

[Event "*** Titled Tuesday Blitz"]
[Site "Chess.com"]
[Date "2020.11.03"]
[Round "9"]
[White "Anton_Demchenko"]
[Black "alexrustemov"]
[Result "1-0"]
[WhiteElo "2848"]
[BlackElo "2687"]
[TimeControl "180+1"]
[EndTime "11:49:46 PST"]
[Termination "Anton_Demchenko won on time"]

1. d4 d5 2. Nf3 Nf6 3. Bf4 e6 4.
e3 c5 5. Nbd2 Bd6 6. dxc5 Bxc5 7. c4 Nc6 8. cxd5 Nxd5 9. Bg3 Bd6 10. Be2 Bxg3 11. hxg3 Nf6 12. O-O O-O 13. Nc4 Qxd1 14. Rfxd1 Rd8 15. Nd6 Kf8 16. Ng5 Rd7 17. Bb5 h6 18.
Bxc6 bxc6 19. Nf3 Ke7 20. Nc4 Rd5 21. Nfe5 Bb7 22. b4 Rad8 23. Rdc1 Nd7 24. Nf3 c5 25. b5 Nb6 26. Na5 Ba8 27. e4 Rd3 28. Ne5 c4 29.
Nac6+ Bxc6 30. Nxc6+ Kf6 31. Nxd8 Rxd8 32. a4 Rc8 33. a5 Nd7 34. f4 e5 35. Ra4 c3 36. Ra3 Rc5 37. Rb3 c2 38. Rb2 exf4 39.
Rcxc2 Re5 40. b6 axb6 41. axb6 fxg3 42. b7 Rxe4 43. Kf1 Re8 44. Rc8 Re5 45. Rd8 Rf5+ 46.
Ke1 Re5+ 47. Kd1 Rd5+ 48. Rd2 1-0